 Dungeon Crawl Stone Soup version 0.32-a0-473-gd044c6f0f0 (webtiles) character file.

Game seed: 6340930516806591127

192 greenreed the Cudgeller (level 5, -2/47 HPs)
             Began as a Mountain Dwarf Berserker on Feb 25, 2024.
             Was a Believer of Trog.
             Slain by a ribbon worm (6 damage)
             ... on level 4 of the Dungeon.
             The game lasted 00:04:01 (3024 turns).

greenreed the Cudgeller (Mountain Dwarf Berserker)  Turns: 3024, Time: 00:04:02

Health: -2/47      AC:  6    Str: 21    XL:     5   Next: 42%
Magic:  5/5        EV:  5    Int:  8    God:    Trog [**....]
Gold:   133        SH:  0    Dex:  9    Spells: 4/4 levels left

rFire   . . .        a - +0 mace
rCold   . . .        (no shield)
rNeg    . . .        d - +0 scale mail
rPois   .            (no helmet)
rElec   .            (no cloak)
rCorr   .            (no gloves)
SInv    +            (no boots)
Will    .....        (no amulet) Stlth
                     k - ring of see invisible
HPRegen 0.27/turn    (no ring)
MPRegen 0.09/turn

%: no passive effects
@: held
A: runic magic, artefact enchanting
a: Renounce Religion, Berserk, Trog's Hand


You were on level 4 of the Dungeon.
You worshipped Trog.
Trog was pleased with you.
You visited 1 branch of the dungeon, and saw 4 of its levels.

You collected 133 gold pieces.

Inventory:

Hand Weapons
 a - a +0 mace (weapon)
Missiles
 e - 3 curare-tipped darts (quivered)
Armour
 d - a +0 scale mail (worn)
Jewellery
 k - a ring of see invisible (left hand)
 n - a +6 ring of intelligence
Scrolls
 b - 2 scrolls of identify {unknown}
 c - 5 scrolls of teleportation {unknown}
 h - a scroll of torment {unknown}
 i - 4 scrolls of noise {unknown}
 m - a scroll of enchant weapon {unknown}
 q - a scroll of amnesia {unknown}
Potions
 f - a potion of heal wounds {unknown}
 g - a potion of invisibility {unknown}
 j - a potion of enlightenment {unknown}
 l - a potion of might {unknown}
 o - a potion of degeneration {unknown}
 p - a potion of curing {unknown}


   Skills:
 * Level 4.8 Fighting
 * Level 5.2 Maces & Flails
 + Level 3.2 Armour
 + Level 2.1 Dodging


You had 4 spell levels left.
You didn't know any spells.
Your spell library was empty.

Dungeon Overview and Level Annotations

Branches:
Dungeon (4/15)
 Temple: D:4-7

Altars:
Kikubaaqudgha

Shops:
D:4 *


Innate Abilities, Weirdness & Mutations

Your spellcasting is much less encumbered by armour.
You can use scrolls of enchantment on lesser artefacts.


Message History

You hit the iguana.
The iguana is severely wounded.
The ribbon worm expels a string of sticky webbing.
The stream of webbing misses you.
The iguana bites you but does no damage.
You hit the iguana but do no damage.
The iguana is severely wounded.
The iguana bites you.
You hit the iguana.
The iguana is severely wounded.
The ribbon worm bites you but does no damage.
The iguana closely misses you.
You barely miss the iguana.
The iguana is severely wounded.
The iguana bites you!
The ribbon worm bites you but does no damage.
You are too injured to fight recklessly!
You are too injured to fight recklessly!
You hit the iguana.
The iguana is almost dead.
The iguana completely misses you.
The ribbon worm expels a string of sticky webbing.
The stream of webbing hits you but does no damage.
You are caught in a web!
The web tears apart.
The iguana closely misses you. The ribbon worm barely misses you.
You closely miss the iguana.
The iguana is almost dead.
The iguana bites you!
* * * LOW HITPOINT WARNING * * *
The iguana closely misses you.
You barely miss the iguana.
The iguana is almost dead.
The ribbon worm expels a string of sticky webbing.
The stream of webbing hits you but does no damage.
You are caught in a web!
The iguana bites you!
* * * LOW HITPOINT WARNING * * *
You struggle to detach yourself from the web.
The ribbon worm bites you.
You die...

.###########...........
..........##............
#########....<..........
...........#............
###########.............
###..............
#.......[.......# ##
##.#.............#
.####......##...@w.....#
...........#.....l...#.#
..##.......#........##
...#.#.....#..#))...#
##.#..........#.......
##.........#.........>.
#.....#.#....#..........
....###.. .# ...........
.........


You could see a ribbon worm and an iguana.

Vanquished Creatures
  A phantom (D:4)
  5 adders
  3 ribbon worms (D:3)
  5 orcs
  7 endoplasms
  3 giant cockroaches
  6 goblins
  2 hobgoblins (D:1)
  4 quokkas
  4 ball pythons
  9 bats
  3 frilled lizards
  4 kobolds
  3 rats
59 creatures vanquished.

Notes
Turn   | Place    | Note
-------+----------+-------------------------------------------
     0 | D:1      | greenreed the Mountain Dwarf Berserker began the quest for
                  | the Orb.
     0 | D:1      | Reached XP level 1. HP: 19/19 MP: 1/1
   229 | D:1      | Reached XP level 2. HP: 24/26 MP: 2/2
   261 | D:1      | Reached skill level 4 in Maces & Flails
   579 | D:1      | You fall into a shaft and drop 1 floor!
   602 | D:2      | Reached XP level 3. HP: 31/33 MP: 3/3
   802 | D:2      | Reached ** piety under Trog
  1809 | D:3      | Reached XP level 4. HP: 17/40 MP: 4/4
  2433 | D:3      | Found an ancient bone altar of Kikubaaqudgha.
  2784 | D:4      | Found Kithruiz's General Store.
  2795 | D:4      | Noticed a phantom
  2817 | D:4      | Killed a phantom
  2818 | D:4      | Reached skill level 5 in Maces & Flails
  2818 | D:4      | Reached XP level 5. HP: 38/47 MP: 5/5
  3024 | D:4      | Slain by a ribbon worm

Illustrated notes

Levels and vault maps discovered:
D:1:      saegor_arrival_fortress, layout_basic
D:2:      layout_loops_cross
D:3:      layout_loops_ring, kiku_gazebo_pond_becter
D:4:      layout_rooms, serial_shops, shop

Skill      XL: |  1  2  3  4 |
---------------+-------------+-----
Maces & Flails | 4 5 |  5.2
Fighting       | 4 |  4.8
Armour         | 3 |  3.2
Dodging        | 2 |  2.1

Action                     |  1- 3 |  4- 6 || total
---------------------------+-------+-------++-------
  Melee: Mace              |   115 |   112 ||   227
 Invoke: Berserk           |     1 |     1 ||     2
 Armour: Animal skin       |    21 |       ||    21
         Scale mail        |    54 |    82 ||   136
  Dodge: Dodged            |    81 |    68 ||   149

Table legend: (Time is in decaauts)
 A = Elapsed time spent in this place.
 B = Non-inter-level travel time spent in this place.
 C = Inter-level travel time spent in this place.
 D = Time resting spent in this place.
 E = Time spent auto-exploring this place.
 F = Levels seen in this place.
 G = Mean time per level.
                   A        B        C        D        E       F      G
               +--------+--------+--------+--------+--------+-----+--------+
         Total |   3080 |   3008 |     72 |    147 |   2330 |   4 |  770.0 |
       Dungeon |   3080 |   3008 |     72 |    147 |   2330 |   4 |  770.0 |
               +--------+--------+--------+--------+--------+-----+--------+

Top non-repeatable levels by time:
     D:1: 1128 daAuts
     D:3: 919 daAuts
     D:2: 788 daAuts
     D:4: 244 daAuts
